AoeStats
← steveroessler

Arabia

510723788Analyzed
4v4 RM · 23h ago on Oct 2, 2026· 36m 40s· 8 players
Game mode
Random Map
Map size
Large (8 player)
Population
200
Speed
Normal
Resources
Standard
Victory
Conquest
Starting age
Dark Age
Ending age
Imperial Age
RankedLock teamsTeams togetherTeam positionsShared explorationLock speedFull tech treeHidden civsTurbo modeCheats
Victory
Defeat
🇳🇴 Persians · Norway
941
+15
🇩🇪 Khmer · Germany
939
+15
🇮🇳 Bulgarians · India
849
+19
🇮🇳 Goths · India
847
+18
🇨🇳 Mongols · China
937
-18
🇩🇪 Khmer · Germany
913
-17
🇨🇦 Spanish · Canada
894
-16
🇩🇪 Britons · Germany
892
-16
julian_venom
0:27 Loom
11:01 Feudal Age
12:19 Wheelbarrow
12:51 Horse Collar
13:20 Double-Bit Axe
16:01 Gold Mining
16:29 Stone Mining
24:17 Castle Age
22:49 Scale Barding Armor
28:00 Imperial Age
30:28 Hand Cart
30:39 Hand Cart
32:58 Imperial Age
32:26 Caravan
steveroessler
0:31 Loom
12:14 Feudal Age
19:24 Castle Age
18:24 Double-Bit Axe
18:21 Horse Collar
19:32 Fletching
19:43 Padded Archer Armor
21:14 Gold Mining
21:15 Stone Mining
25:10 Ballistics
26:27 Wheelbarrow
26:12 Bodkin Arrow
29:13 Yeomen
29:15 Leather Archer Armor
29:52 Forging
29:43 Scale Mail Armor
29:19 Pikeman
32:37 Iron Casting
春天里的老人
0:29 Loom
11:17 Feudal Age
15:54 Castle Age
15:42 Double-Bit Axe
17:13 Wheelbarrow
23:11 Wheelbarrow
27:47 Scale Barding Armor
29:55 Forging
31:04 Bow Saw
30:47 Gold Mining
37:42 Imperial Age
36:01 Fletching
36:34 Chain Barding Armor
614Superdry
8:43 Loom
12:46 Feudal Age
20:47 Castle Age
19:47 Double-Bit Axe
19:55 Stone Mining
19:58 Gold Mining
20:22 Horse Collar
23:48 Stone Shaft Mining
24:04 Heavy Plow
24:14 Bow Saw
28:43 Wheelbarrow
29:46 Husbandry
33:33 Bloodlines
34:49 Fletching
38:34 Imperial Age
36:22 Hand Cart
Mr. PrincE
1:35 Loom
11:26 Feudal Age
20:20 Castle Age
20:38 Forging
21:25 Scale Mail Armor
26:01 Chain Mail Armor
26:22 Iron Casting
31:03 Wheelbarrow
33:12 Town Watch
kris10an
11:14 Feudal Age
16:14 Castle Age
33:52 Husbandry
35:20 Wheelbarrow
34:51 Double-Bit Axe
36:20 Forging
36:16 Scale Barding Armor
iamlegolas312
0:27 Loom
11:02 Feudal Age
11:29 Man-at-Arms
12:00 Double-Bit Axe
15:28 Gold Mining
15:26 Horse Collar
20:49 Stone Mining
25:00 Castle Age
23:33 Forging
25:13 Scale Mail Armor
25:07 Pikeman
26:27 Iron Casting
26:37 Chain Mail Armor
26:54 Bow Saw
28:44 Wheelbarrow
29:42 Anarchy
31:23 Hand Cart
32:45 Fletching
33:36 Heavy Plow
34:22 Fervor
34:34 Sanctity
34:54 Squires
34:45 Town Watch
Ana Nzinga of Mbande Ndogo
2:57 Loom
4:50 Loom
5:12 Loom
12:56 Feudal Age
11:15 Loom
14:49 Wheelbarrow
14:06 Double-Bit Axe
17:35 Castle Age
19:24 Bow Saw
19:18 Horse Collar
21:41 Husbandry
21:58 Bloodlines
22:35 Hand Cart
24:54 Light Cavalry
25:38 Light Cavalry
27:35 Scale Barding Armor
27:42 Gold Mining
28:48 Chain Barding Armor
29:30 Forging
30:49 Iron Casting
31:27 Gold Shaft Mining
35:17 Heavy Plow
39:42 Imperial Age
Connection lost

Rejoining the realm…

Still unreachable

The connection could not be restored.

Session expired

The server has moved on; the page needs a fresh start.